Map: King Sejong Station LE

Players

BuRny - Winner!

  • Race: Terran Terran
  • League: Master

A.I. 1 (Very Easy)

  • Race: Zerg Zerg

VOD

Have the link to the VOD?

Description

5 min marines medivac drop

Time

  • Played on: July 19, 2016, 12:22 p.m.
  • Length: 10:06
Show
View Real Time Build Order
Export as new Build Order

BuRny Terran - Winner!

Build Orders: MMM Bio 

Get SALT Encoding   

  12  0:01  SCV  
  13  0:13  SCV  
  14  0:18  Supply Depot  
  14  0:25  SCV  
  15  0:39  SCV  
  15  0:41  Barracks  
  16  0:45  Refinery  
  16  0:51  SCV  
  17  1:04  SCV  
  18  1:16  SCV  
  19  1:28  Orbital Command, Barracks Reactor  
  19  1:44  Command Center  
  19  1:54  SCV  
  19  1:59  Barracks  
  19  2:06  SCV  
  20  2:10  Marine  
  20  2:12  Supply Depot  
  20  2:14  Marine  
  22  2:18  SCV  
  23  2:30  Factory  
  23  2:33  SCV  
  24  2:38  Marine x2  
  24  2:43  Refinery  
  26  2:45  SCV  
  26  2:50  Barracks Tech Lab  
  27  2:55  Marine  
  27  2:58  SCV  
  29  3:00  Orbital Command  
  29  3:08  Stimpack  
  29  3:10  SCV  
  29  3:12  Marine  
  30  3:14  Marine  
  30  3:18  Marine  
  33  3:22  SCV  
  34  3:28  SCV  
  34  3:31  Starport  
  34  3:32  Factory Reactor  
  34  3:34  Marine  
  36  3:36  SCV  
  36  3:39  Marine  
  36  3:40  SCV  
  39  3:45  Supply Depot  
  39  3:46  Marine  
  40  3:48  SCV  
  40  3:51  Marine  
  40  3:53  SCV  
  43  3:57  Marine  
  43  4:01  SCV  
  45  4:05  SCV  
  45  4:06  Marine  
  47  4:11  Supply Depot  
  47  4:13  SCV  
  47  4:15  Medivac x2  
  53  4:17  Marine, SCV  
  53  4:24  Factory Tech Lab  
  54  4:32  Marine x2  
  54  4:33  SCV x2  
  54  4:34  Supply Depot  
  58  4:39  Engineering Bay  
  58  4:41  Engineering Bay  
  58  4:45  SCV x2  
  60  4:46  Supply Depot  
  60  4:55  Siege Tank  
  60  4:57  SCV  
  64  5:00  SCV  
  64  5:03  Refinery  
  65  5:09  SCV  
  65  5:10  Terran Infantry Weapons Level 1  
  65  5:12  Command Center  
  65  5:13  Terran Infantry Armor Level 1  
  66  5:15  SCV  
  67  5:22  Supply Depot  
  67  5:26  Combat Shields  
  67  5:28  SCV x2  
  69  5:30  Refinery  
  69  5:34  Marine  
  69  5:35  Marine x2  
  72  5:40  SCV x2  
  74  5:46  Siege Tank  
  74  5:47  Supply Depot  
  74  5:48  Supply Depot  
  74  5:49  Starport Reactor  
  77  5:52  SCV x2  
  77  5:54  Barracks  
  79  6:03  Barracks  
  79  6:04  SCV x2  
  79  6:07  Barracks  
  81  6:13  Marine  
  81  6:14  Marine  
  81  6:16  Marine, SCV x2  
  86  6:19  Siege Tank  
  86  6:23  Armory  
  86  6:24  Orbital Command  
  89  6:28  SCV x2  
  89  6:31  Marine  
  92  6:35  Marine x2  
  92  6:36  Medivac x2  
  98  6:40  SCV x2  
  100  6:49  Marine  
  100  6:51  Orbital Command  
  100  6:52  SCV  
  100  6:53  Marine, SCV  
  104  6:59  Marine  
  104  7:00  Marine, Barracks Reactor  
  107  7:01  Marine, Barracks Reactor  
  107  7:02  Siege Tank  
  107  7:04  SCV  
  107  7:05  SCV  
  107  7:06  Bunker  
  112  7:08  Supply Depot  
  112  7:09  Supply Depot  
  112  7:10  Terran Infantry Weapons Level 2  
  112  7:11  Refinery  
  112  7:16  SCV  
  112  7:17  SCV  
  112  7:18  Marine, SCV  
  112  7:19  Marine  
  117  7:29  Supply Depot, Marine x3  
  117  7:30  Terran Infantry Armor Level 2, SCV x3  
  117  7:35  Terran Ship Weapons Level 1  
  117  7:36  Marine x2  
  125  7:40  Liberator  
  125  7:42  Marine  
  125  7:43  Marine  
  128  7:44  Supply Depot x2  
  128  7:45  Marine x2  
  128  7:46  Supply Depot  
  128  7:47  Marine x3  
  132  7:53  Siege Tank  
  132  7:54  Marine x2  
  140  8:00  Marine  
  140  8:04  Supply Depot  
  140  8:05  Supply Depot x2, Marine x2  
  141  8:08  Refinery  
  143  8:16  Marine x3  
  143  8:17  Marine  
  143  8:18  Marine, Barracks  
  143  8:19  Marine  
  149  8:20  Barracks  
  149  8:21  Marine  
  149  8:22  Barracks  
  149  8:23  Marine  
  149  8:24  Marine  
  152  8:28  Siege Tank  
  152  8:30  Liberator  
  152  8:33  Supply Depot  
  152  8:34  Marine, Supply Depot  
  155  8:37  Medivac  
  155  8:39  Marine x3  
  155  8:40  Marine  
  162  8:41  Marine  
  162  8:43  Marine  
  167  8:49  Marine  
  167  8:50  Liberator  
  167  8:51  Marine  
  169  8:57  Marine x3  
  169  8:58  Marine  
  169  8:59  Marine  
  169  9:00  Marine, Siege Tank  
  178  9:03  Barracks Reactor  
  178  9:06  Marine  
  178  9:07  Marine x2  
  178  9:09  Marine x2  
  186  9:15  Marine x3  
  186  9:16  Marine  
  190  9:17  Marine  
  190  9:18  Marine  
  192  9:24  Marine x3  
  192  9:27  Marine x2  
  197  9:33  Marine x3  
  197  9:35  Command Center  
  200  9:54  Barracks Reactor x3  
Show
View Real Time Build Order
Export as new Build Order

A.I. 1 (Very Easy) Zerg 

Build Orders: Pool First 

Get SALT Encoding   

  12  0:01  Drone  
  13  0:12  Overlord  
  13  0:16  Drone  
  14  0:35  Spawning Pool  
  13  0:37  Drone  
  13  0:41  Extractor  
  13  0:44  Drone  
  14  0:51  Overlord  
  14  1:22  Queen  
  14  1:23  Zergling x2  
  17  1:30  Roach Warren  
  17  1:31  Extractor  
  15  1:34  Drone  
  16  1:42  Drone  
  16  1:43  Zergling x2  
  18  1:56  Drone  
  19  2:02  Zergling x2  
  19  2:06  Drone  
  21  2:17  Drone  
  22  2:28  Drone  
  22  2:29  Overlord  
  23  2:35  Drone  
  24  2:42  Drone  
  25  5:54  Roach  
  25  5:55  Drone, Overlord, Lair  
  28  6:02  Drone  
  28  6:03  Hatchery  
  28  6:09  Drone  
  29  6:16  Drone  
  30  6:23  Drone  
  31  6:31  Drone  
  29  6:39  Roach  
  31  6:55  Overseer  
  31  6:56  Overseer  
  31  7:16  Drone  
  32  7:23  Drone, Roach  
  32  7:26  Extractor  
  32  7:28  Extractor  
  33  7:31  Drone  
  34  7:38  Drone  
  35  7:45  Drone  
  36  7:52  Drone  
  37  7:59  Drone  
  38  8:06  Drone  
  39  8:14  Drone  
  40  8:21  Drone  
  41  8:28  Drone  
  42  8:35  Drone  
  43  8:43  Drone  
  44  8:50  Drone  
  44  8:52  Overlord, Overseer  
  45  9:10  Drone, Overlord  
  46  9:18  Drone, Zergling x2  
  47  9:25  Drone  
  37  9:33  Drone, Overlord  
  29  9:40  Drone  
  27  9:49  Roach Warren  
Tags
 
Add a new tag
Caveats
  • Supply blocks, unpowered buildings, or Contaminate may cause inaccurate times.
  • Supply counts are checked every 10 seconds.